[Event "Late-Titled-Tuesday-Blitz-June-18-2024"]
[Site "Chess.com"]
[Date "2024.06.18"]
[Round "2"]
[White "nindjaxx8"]
[Black "Eloist"]
[Result "1-0"]
[WhiteElo "2737"]
[BlackElo "2462"]
[TimeControl "180+1"]
[EndTime "14:17:40 PDT"]
[Termination "nindjaxx8 won on time"]

1. d4 e6 2. c4 Nf6 3. Nc3 Bb4 4. Qc2 c5 5. e3 Nc6 6. Nf3 d6 7. Be2 O-O 8. O-O Qe7 9. Rd1 b6 10. a3 Bxc3 11. Qxc3 e5 12. dxe5 dxe5 13. b3 Bg4 14. h3 Bh5 15. Bb2 e4 16. Ne5 Nxe5 17. Bxh5 Nd3 18. Be2 Nxb2 19. Qxb2 Rad8 20. b4 h5 21.
bxc5 Qxc5 22. Qb3 Qe5 23. Qa4 Rxd1+ 24. Rxd1 Qb2 25. Bf1 Rc8 26. Qxa7 Qc2 27. Rd4 1-0

[Event "Late-Titled-Tuesday-Blitz-June-18-2024"]
[Site "Chess.com"]
[Date "2024.06.18"]
[Round "2"]
[White "RealPerangel"]
[Black "zverr1"]
[Result "1-0"]
[WhiteElo "2755"]
[BlackElo "2533"]
[TimeControl "180+1"]
[EndTime "14:17:41 PDT"]
[Termination "RealPerangel won by resignation"]

1. e4 c5 2. g3 Nc6 3. Bg2 g6 4. Ne2 Bg7 5. c3 e5 6. d3 Nge7 7. Be3 d6 8. O-O O-O 9. f4 f5 10. Nd2 Be6 11. Nf3 Kh8 12. Qd2 Rc8 13.
fxe5 Nxe5 14. Ng5 Bg8 15. Nf4 Qd7 16. Bh3 d5 17. exf5 Nxf5 18. Rae1 b6 19. b3 d4 20.
cxd4 cxd4 21. Bf2 Rce8 22. Re4 Nc6 23. Rfe1 Bf6 24. Nf3 Bg7 25. Qe2 Bf7 26. Ng5 Rd8 27. Nfe6 Bxe6 28. Nxe6 Rfe8 29. Nxd8 Rxe4 30. dxe4 d3 31. Qd1 Qxd8 32. exf5 gxf5 33. Bxf5 d2 34. Re2 Bc3 35. Bc2 Nd4 36. Bxd4+ Qxd4+ 37. Kg2 Qd5+ 38. Re4 Kg7 39. Qg4+ Kh8 40. Qf3 Kg7 41. Qxc3+ 1-0

[Event "Late-Titled-Tuesday-Blitz-June-18-2024"]
[Site "Chess.com"]
[Date "2024.06.18"]
[Round "2"]
[White "ChessSwole"]
[Black "AlphaPerseii"]
[Result "1-0"]
[WhiteElo "2726"]
[BlackElo "2428"]
[TimeControl "180+1"]
[EndTime "14:17:41 PDT"]
[Termination "ChessSwole won by resignation"]

1. e4 c6 2. Nf3 d5 3. d3 dxe4 4. dxe4 Qxd1+ 5. Kxd1 Nf6 6. Nbd2 g6 7. Ne5 Nbd7 8. Nd3 Bg7 9. c3 g5 10. f3 h5 11. a4 a5 12. Kc2 h4 13. Nc4 g4 14.
Be3 Bh6 15. Bd4 Rg8 16. h3 gxf3 17. gxf3 Nh5 18. Rg1 Rxg1 19. Bxg1 Ng3 20. Bf2 Nf6 21. Nb6 Rb8 22. Nc5 Nd7 23. Nxc8 Nxc5 24. Nxe7 Ncxe4 25. Nxc6 bxc6 26. fxe4 Ke7 27. Rd1 Ke6 28. Bc4+ Ke5 29. Re1 Rf8 30. Bd4+ Kf4 31. Be3+ 1-0

[Event "Late-Titled-Tuesday-Blitz-June-18-2024"]
[Site "Chess.com"]
[Date "2024.06.18"]
[Round "2"]
[White "Navyblue1"]
[Black "VinzentSpitzl"]
[Result "0-1"]
[WhiteElo "2181"]
[BlackElo "2480"]
[TimeControl "180+1"]
[EndTime "14:17:41 PDT"]
[Termination "VinzentSpitzl won on time"]

1. d4 d5 2. c4 e6 3. Nc3 Nf6 4. cxd5 exd5 5. Bg5 Be7 6. e3 h6 7. Bh4 c6 8. Bd3 O-O 9. Nge2 Re8 10. O-O Ne4 11.
Bxe7 Qxe7 12. Qc2 Bf5 13. Rae1 Nd7 14. f3 Nxc3 15. Nxc3 Bxd3 16. Qxd3 Nf6 17. e4 dxe4 18. fxe4 Rad8 19. e5 Nd5 20. Qf5 Qe6 21. Qxe6 Rxe6 22. a3 Nxc3 23. bxc3 c5 24. Re4 Ra6 25. dxc5 Rxa3 26.
Rb4 Rd7 27. Rc4 Re7 28. c6 bxc6 29. Rxc6 Rxe5 30. Rc8+ Kh7 31. Rxf7 Ra2 32. h3 Ree2 33. Rcc7 Rxg2+ 34. Kf1 a5 35. Ra7 a4 36. Rxa4 Rac2 37. Rc4 Rh2 38. Kg1 Rxh3 0-1

[Event "Late-Titled-Tuesday-Blitz-June-18-2024"]
[Site "Chess.com"]
[Date "2024.06.18"]
[Round "2"]
[White "CFalcons8"]
[Black "Chessgod9oninsta"]
[Result "0-1"]
[WhiteElo "2439"]
[BlackElo "2732"]
[TimeControl "180+1"]
[EndTime "14:17:43 PDT"]
[Termination "Chessgod9oninsta won by resignation"]

1. d4 c6 2. e4 d5 3. Nc3 g6 4. Nf3 Bg7 5. exd5 cxd5 6. Bd3 Bg4 7. Be3 Nc6 8. Bb5 e6 9. h3 Bxf3 10. Qxf3 Ne7 11. g4 a6 12. Bxc6+ Nxc6 13. O-O-O b5 14.
Rhe1 O-O 15. Kb1 Qa5 16. Ne2 Rac8 17. Bd2 Qb6 18. Be3 a5 19. h4 a4 20. h5 b4 21. h6 Bh8 22. Qg3 b3 23. cxb3 axb3 24. a3 Na5 25. Nc3 Rxc3 26. bxc3 Nc4 27. Bg5 Nxa3+ 28.
Kc1 b2+ 29. Kd2 b1=Q 30. Rxb1 Nxb1+ 31. Ke2 Qb5+ 32. Kf3 Nxc3 33. Be7 Re8 34. Qc7 Bxd4 35. Kg2 Ne4 36. Rd1 Qe2 0-1

[Event "Late-Titled-Tuesday-Blitz-June-18-2024"]
[Site "Chess.com"]
[Date "2024.06.18"]
[Round "2"]
[White "Seppppppy"]
[Black "Meri-Arabidze"]
[Result "0-1"]
[WhiteElo "2235"]
[BlackElo "2668"]
[TimeControl "180+1"]
[EndTime "14:17:43 PDT"]
[Termination "Meri-Arabidze won by resignation"]

1. d4 Nf6 2. c4 e6 3. Nc3 Bb4 4. f3 Bxc3+ 5. bxc3 d6 6. e4 Nbd7 7. Bd3 O-O 8. Ne2 e5 9. O-O Qe7 10. f4 exd4 11. Nxd4 Nc5 12. Nf5 Bxf5 13. exf5 Nxd3 14.
Qxd3 Qe4 15. Qxe4 Nxe4 16. Bb2 Nd2 17. Rf2 Nxc4 18. g4 f6 19. Re1 Rfe8 20. Re6 Kf7 21. Rfe2 Nxb2 22. Rxb2 Rxe6 23. fxe6+ Kxe6 24. Rxb7 Kd7 25. Kf2 Kc6 26. Rb4 d5 27. Ke3 Re8+ 28. Kf3 a5 29.
Rb1 Kc5 30. Rb7 Re7 31. Ra7 Kc4 32. Rxa5 c5 33. a4 Rc7 34. Ra8 Kxc3 35. a5 d4 36. a6 d3 37. Rd8 c4 38. Ke4 Kc2 39. Ke3 Re7+ 40. Kd4 d2 41. Kxc4 d1=Q 42. Rxd1 Kxd1 43. Kb5 Ke2 44. Kb6 Kf3 45. g5 Kxf4 46. gxf6 gxf6 47. a7 Rxa7 48. Kxa7 f5 49. Kb6 Ke3 50. Kc5 f4 51. Kd5 f3 52. Ke5 f2 53. Kf5 f1=Q+ 54. Kg4 Qg2+ 0-1

[Event "Late-Titled-Tuesday-Blitz-June-18-2024"]
[Site "Chess.com"]
[Date "2024.06.18"]
[Round "2"]
[White "cthake"]
[Black "Jimonios"]
[Result "0-1"]
[WhiteElo "1840"]
[BlackElo "2658"]
[TimeControl "180+1"]
[EndTime "14:17:45 PDT"]
[Termination "Jimonios won on time"]

1. e4 c5 2. Nf3 e6 3. d4 cxd4 4. Nxd4 Nf6 5. Bd3 Bc5 6. Be3 Qb6 7. Nb3 Bxe3 8. fxe3 Qxe3+ 9. Qe2 Qb6 10. Nc3 Nc6 11. O-O-O a5 12. e5 Nd5 13. Nxd5 exd5 14. a4 Qb4 15.
Bb5 O-O 16. Rxd5 Qf4+ 17. Kb1 Nb4 18. Rd4 Qf5 19. g4 Qg6 20. h4 b6 21. Bxd7 Bxd7 22. Rxd7 Qc6 23. Rdd1 Qxa4 24. Kc1 Nxc2 25. Kxc2 Rac8+ 26. Kb1 Qxb3 27. Rd3 Qb4 28. Rhd1 a4 29. Qd2 Qxg4 30.
Rd8 Qxh4 31. Rxf8+ Rxf8 32. Qd6 Qe4+ 33. Ka1 b5 34.
Qc5 Qc4 35. Qxc4 bxc4 36. Rd4 Rc8 37. Ka2 g5 38. Ka3 Rc5 39. Kxa4 Kg7 40. Kb4 Rxe5 41. Kxc4 h5 42. b4 h4 43. b5 h3 44. b6 Re1 45. Rd2 Rc1+ 46. Kb5 g4 47. b7 g3 48. Ka6 g2 0-1

[Event "Late-Titled-Tuesday-Blitz-June-18-2024"]
[Site "Chess.com"]
[Date "2024.06.18"]
[Round "2"]
[White "jbking07"]
[Black "noblerone"]
[Result "1-0"]
[WhiteElo "2375"]
[BlackElo "2544"]
[TimeControl "180+1"]
[EndTime "14:17:45 PDT"]
[Termination "jbking07 won by resignation"]

1. Nf3 d5 2. g3 Nf6 3. Bg2 e6 4. O-O Be7 5. d3 O-O 6. Nbd2 c5 7. e4 Nc6 8. Re1 b5 9. exd5 exd5 10.
d4 c4 11. c3 b4 12. Ne5 Bb7 13. Ndxc4 bxc3 14. Nxc6 Bxc6 15. Ne5 Bb5 16. bxc3 Rc8 17. a4 Ba6 18. Ba3 Bxa3 19. Rxa3 Qd6 20. Rb3 Rfe8 21. Qd2 h6 22. h3 Rb8 23. Rxb8 Rxb8 24. Qf4 Rd8 25.
g4 Nh7 26. Qxf7+ Kh8 27. Ng6+ Qxg6 28. Qxg6 Ng5 29. Re8+ Rxe8 30. Qxe8+ 1-0

[Event "Late-Titled-Tuesday-Blitz-June-18-2024"]
[Site "Chess.com"]
[Date "2024.06.18"]
[Round "2"]
[White "familijatop71"]
[Black "GMG"]
[Result "1/2-1/2"]
[WhiteElo "2302"]
[BlackElo "2665"]
[TimeControl "180+1"]
[EndTime "14:17:46 PDT"]
[Termination "Game drawn by agreement"]

1. e4 c6 2. d4 d5 3. e5 Bf5 4. Nf3 e6 5. Be2 Ne7 6. O-O Ng6 7. c3 Nd7 8. Be3 f6 9. exf6 Qxf6 10. Nbd2 Bd6 11.
Bg5 Qf7 12. Nh4 Nxh4 13. Bxh4 e5 14. dxe5 Nxe5 15. Nf3 O-O 16. Bg3 Nxf3+ 17. Bxf3 Bxg3 18. hxg3 Rad8 19. Qd4 b6 20. Rfe1 c5 21. Qf4 d4 22.
cxd4 cxd4 23. Re5 Bc2 24. Qxf7+ Kxf7 25. Rae1 Rfe8 26. Rxe8 Rxe8 27. Rxe8 Kxe8 28. Kf1 Ke7 29. Ke1 Bb1 30. a3 Kd6 31. Kd2 Ke5 32. Be2 h6 1/2-1/2

[Event "Late-Titled-Tuesday-Blitz-June-18-2024"]
[Site "Chess.com"]
[Date "2024.06.18"]
[Round "2"]
[White "matagordo"]
[Black "djano"]
[Result "1-0"]
[WhiteElo "2383"]
[BlackElo "2600"]
[TimeControl "180+1"]
[EndTime "14:17:48 PDT"]
[Termination "matagordo won by resignation"]

1. d4 Nf6 2. Bf4 c5 3. d5 d6 4.
Nc3 g6 5. e4 Bg7 6. Bb5+ Nbd7 7. a4 O-O 8. Nf3 a6 9. Be2 Nh5 10. Be3 Qb6 11. Ra3 Ne5 12. Nxe5 Bxe5 13. Bxh5 gxh5 14. Rb3 Qa5 15. Qxh5 f5 16. Bh6 Rf7 17.
O-O f4 18. Ne2 Qd2 19. Rf3 Bd7 20. Nxf4 Qxc2 21. Rg3+ Bg7 22. Ne6 Qxb2 23. Bxg7 Rxg7 24. Rxg7+ Qxg7 25. Nxg7 Kxg7 26. Rb1 b5 27. Rb3 bxa4 28.
Rg3+ Kh8 29. Qf7 1-0

[Event "Late-Titled-Tuesday-Blitz-June-18-2024"]
[Site "Chess.com"]
[Date "2024.06.18"]
[Round "2"]
[White "dianamirza"]
[Black "NovakRatko"]
[Result "0-1"]
[WhiteElo "1783"]
[BlackElo "2415"]
[TimeControl "180+1"]
[EndTime "14:17:50 PDT"]
[Termination "NovakRatko won on time"]

1. e4 d5 2. exd5 c6 3. dxc6 Nxc6 4. Nf3 e5 5. Bb5 Bd6 6. Bxc6+ bxc6 7. O-O Ne7 8. Re1 O-O 9. Nxe5 Qc7 10. Nf3 Bg4 11.
h3 Bh5 12. d4 f5 13. c4 c5 14. dxc5 Bxc5 15. Nc3 Rad8 16. Qe2 Rfe8 17. Qe6+ Bf7 18. Qe5 Bd6 19. Qe2 Bxc4 20. Qc2 Bf7 21. Bg5 h6 22. Bxe7 Bxe7 23. Rac1 Bf6 24. Rxe8+ Rxe8 25. Qxf5 Be6 26.
Qd3 Rd8 27. Qf1 Qb6 28. Ne4 Bxb2 29. Rb1 Bxa2 30. Re1 Bd5 31. Nh4 a5 32. Ng6 Kh7 33.
Nf4 Ba8 34. Qc4 Qb4 35. Qxb4 axb4 36. Rb1 Ba3 37. Nc5 g5 38. Nfe6 Rd2 39. Nc7 Bc6 40. N7a6 Rd4 0-1

[Event "Late-Titled-Tuesday-Blitz-June-18-2024"]
[Site "Chess.com"]
[Date "2024.06.18"]
[Round "2"]
[White "Mikayel99"]
[Black "Hikaru"]
[Result "1/2-1/2"]
[WhiteElo "2665"]
[BlackElo "3293"]
[TimeControl "180+1"]
[EndTime "14:17:51 PDT"]
[Termination "Game drawn by repetition"]

1. e4 c6 2. d4 d5 3. exd5 cxd5 4. Bd3 g6 5. h3 Bf5 6. Be2 Nc6 7. Nf3 Nb4 8. Na3 a6 9. O-O Nf6 10. Ne5 Bg7 11.
c3 Nc6 12. Nxc6 bxc6 13. Qa4 Bd7 14. Qd1 Qc7 15. Be3 O-O 16. Qd2 Ne4 17. Qc1 e5 18. Nc2 Rfe8 19. Bh6 Bh8 20. Bf3 Nd6 21. dxe5 Bxe5 22.
Ne3 Nf5 23. Nxf5 Bxf5 24. Qd2 Re6 25. Rfe1 Rae8 26. Re2 Be4 27. Bxe4 dxe4 28. Qc2 f5 29. Rd1 Qe7 30. Qc1 Bf6 31. Red2 Qf7 32. Rd7 R6e7 33. Rxe7 Bxe7 34. Rd7 Qxa2 35. Qd2 Qe6 36. Qd4 Bf6 37. Rg7+ Kh8 38. Qa7 Be7 39. Qd4 Bf6 40. Qa7 Be7 41. Qd4 Bf6 1/2-1/2

[Event "Late-Titled-Tuesday-Blitz-June-18-2024"]
[Site "Chess.com"]
[Date "2024.06.18"]
[Round "2"]
[White "Artem_Koval"]
[Black "Flawless_Fighter"]
[Result "0-1"]
[WhiteElo "2558"]
[BlackElo "2813"]
[TimeControl "180+1"]
[EndTime "14:17:53 PDT"]
[Termination "Flawless_Fighter won by resignation"]

1. d4 Nf6 2. Nf3 d5 3. Bf4 c5 4. e3 Nc6 5. c3 Nh5 6. dxc5 Nxf4 7. exf4 g6 8. Be2 Bg7 9. O-O O-O 10. Nbd2 a5 11.
Bb5 Qc7 12. Re1 Qxf4 13. Bxc6 bxc6 14. Rxe7 Be6 15. Nb3 Bf6 16. Rb7 Rfb8 17. Rxb8+ Rxb8 18. Nxa5 Rxb2 19. Nxc6 Bxc3 20. Qc1 Qc4 21. Nce5 Qe2 22. Qe3 d4 23. Nxd4 Bxd4 24. Qxd4 Rxa2 25. Rb1 Rd2 26. Qe3 Rd1+ 0-1

[Event "Late-Titled-Tuesday-Blitz-June-18-2024"]
[Site "Chess.com"]
[Date "2024.06.18"]
[Round "2"]
[White "sari07"]
[Black "GelmanAlexander"]
[Result "1-0"]
[WhiteElo "2383"]
[BlackElo "2688"]
[TimeControl "180+1"]
[EndTime "14:17:53 PDT"]
[Termination "sari07 won by resignation"]

1. d4 c5 2. dxc5 Nf6 3. Nf3 Na6 4. a3 Nxc5 5. b4 Nce4 6. Bb2 b6 7. Nbd2 Bb7 8.
Nxe4 Nxe4 9. e3 Qc7 10. c4 e6 11. Be2 Be7 12. O-O O-O 13. Rc1 Rac8 14. Nd4 Rfd8 15. f3 Nf6 16. e4 d6 17. Qd2 a6 18. Rfd1 Qb8 19. Nb3 Nd7 20. a4 Bc6 21. b5 Bb7 22. a5 bxa5 23. Nxa5 Ba8 24. bxa6 Bf8 25. Bd4 Nc5 26.
Rb1 Qa7 27. Nb7 Rd7 28. Bxc5 Rxc5 29. Nxc5 Qxc5+ 30. Qd4 Qa5 31. Qb6 Qa2 32. Rb2 Qa3 33. Kh1 d5 34. cxd5 exd5 35. exd5 Rxd5 36. Rxd5 Bxd5 37. a7 h5 38. h3 Qa1+ 39. Rb1 Qe5 40.
Qb8 Qf5 41. Rd1 Qe6 42. Rxd5 Qxe2 43. a8=Q 1-0

[Event "Late-Titled-Tuesday-Blitz-June-18-2024"]
[Site "Chess.com"]
[Date "2024.06.18"]
[Round "2"]
[White "Supergiuly"]
[Black "CristhianPortalR"]
[Result "1-0"]
[WhiteElo "2324"]
[BlackElo "2501"]
[TimeControl "180+1"]
[EndTime "14:17:55 PDT"]
[Termination "Supergiuly won by resignation"]

1. e4 c5 2. g3 d6 3. Bg2 Nc6 4. Ne2 g6 5. O-O Bg7 6. c3 e5 7. d3 Nge7 8. f4 O-O 9. Nd2 Be6 10.
Nf3 h6 11. d4 cxd4 12. cxd4 exd4 13. Nexd4 Qb6 14. Be3 Nxd4 15. Bxd4 Bxd4+ 16. Qxd4 Qxd4+ 17. Nxd4 Rac8 18. Nb5 Rc2 19. Rf2 Rxf2 20. Kxf2 Rc8 21. Nc3 b5 22. a3 a5 23. Nxb5 Rc2+ 24. Kg1 Rxb2 25. Nxd6 Nc6 26. Rc1 Nd4 27. Rd1 Nc2 28. Rd2 Rb1+ 29. Kf2 Nxa3 30. f5 gxf5 31. exf5 Bb3 32.
f6 Be6 33. Nc8 Nc4 34. Rd8+ Kh7 35. Be4+ 1-0

[Event "Late-Titled-Tuesday-Blitz-June-18-2024"]
[Site "Chess.com"]
[Date "2024.06.18"]
[Round "2"]
[White "subham777"]
[Black "ChessLover0108"]
[Result "0-1"]
[WhiteElo "2609"]
[BlackElo "2935"]
[TimeControl "180+1"]
[EndTime "14:17:56 PDT"]
[Termination "ChessLover0108 won by resignation"]

1. e4 c5 2. Nf3 d6 3. d4 cxd4 4.
Qxd4 a6 5. Nc3 Nc6 6. Qd2 Bg4 7. b3 g6 8. Bb2 Bh6 9. Qd1 Bg7 10. Qd2 Nf6 11. O-O-O O-O 12. h3 Bxf3 13. gxf3 Rc8 14. Kb1 Qa5 15. a3 b5 16. h4 b4 17. axb4 Nxb4 18. Bc4 Rxc4 19. bxc4 Rb8 20. Kc1 Nd7 21.
Qg5 Nc5 22. Rd5 Nxd5 23. Nxd5 Rxb2 24. Qxe7 Nb3+ 0-1

[Event "Late-Titled-Tuesday-Blitz-June-18-2024"]
[Site "Chess.com"]
[Date "2024.06.18"]
[Round "2"]
[White "bazar-wokzal"]
[Black "ckgchess"]
[Result "0-1"]
[WhiteElo "2587"]
[BlackElo "2879"]
[TimeControl "180+1"]
[EndTime "14:18:01 PDT"]
[Termination "ckgchess won by resignation"]

1. e4 c5 2. c3 d5 3. exd5 Qxd5 4. d4 Nc6 5. Nf3 cxd4 6. cxd4 e5 7. Nc3 Bb4 8. Be2 Nf6 9. dxe5 Qxd1+ 10. Bxd1 Ne4 11. Bd2 Nxd2 12. Kxd2 O-O 13. Ba4 Bd7 14. Bxc6 Bxc6 15. Rhe1 Rad8+ 16. Kc2 Bc5 17. Re2 Rfe8 18. Rd1 Rc8 19.
Kb1 b5 20. Nd5 Red8 21. Nc3 Re8 22. Nd5 Red8 23. Nc3 b4 24. Rxd8+ Rxd8 25. Ne4 Bb6 26. Nd6 f6 27. Nc4 Bb5 28. b3 Rd1+ 29. Kc2 Rf1 30.
exf6 gxf6 31. Re8+ Bxe8 0-1

[Event "Late-Titled-Tuesday-Blitz-June-18-2024"]
[Site "Chess.com"]
[Date "2024.06.18"]
[Round "2"]
[White "NMJeevanK"]
[Black "Kavyev_Ruslan"]
[Result "1-0"]
[WhiteElo "2715"]
[BlackElo "2395"]
[TimeControl "180+1"]
[EndTime "14:18:01 PDT"]
[Termination "NMJeevanK won on time"]

1. e4 c6 2. d4 d5 3. exd5 cxd5 4. Bd3 Nc6 5. c3 Nf6 6. Bf4 g6 7. Nf3 Bf5 8. O-O e6 9. Re1 Be7 10. Bf1 O-O 11. Bh6 Re8 12. Ne5 Nxe5 13. dxe5 Ng4 14.
Bf4 Bg5 15. Qd2 Bxf4 16. Qxf4 Kg7 17. h3 Nh6 18. Nd2 g5 19. Qb4 b6 20. Nf3 Bg6 21.
Rad1 Nf5 22. Bd3 h6 23. Bb1 Qe7 24. Qa4 Rec8 25. Nd4 Nxd4 26. Rxd4 Bxb1 27. Rxb1 Qc7 28. Re1 b5 29. Qxb5 Rab8 30. Qe2 Qb6 31. Qf3 Qd8 32. b3 Qe7 33. Re3 Rc6 34. h4 Ra6 35.
Qe2 Rc6 36. Rg3 Rbc8 37. hxg5 hxg5 38. Qh5 Rxc3 39. Rxg5+ Qxg5 40. Qxg5+ Kf8 41. Rh4 Ke8 42. Qf6 Rc1+ 43. Kh2 Kd7 44. Qxf7+ Kc6 45. Qxe6+ Kb5 46. Qd7+ Kb6 47. e6 R8c6 48. e7 Rg6 49. Qd8+ Kb5 50.
e8=Q+ 1-0

[Event "Late-Titled-Tuesday-Blitz-June-18-2024"]
[Site "Chess.com"]
[Date "2024.06.18"]
[Round "2"]
[White "guillembaches"]
[Black "teresin05"]
[Result "1-0"]
[WhiteElo "2511"]
[BlackElo "2287"]
[TimeControl "180+1"]
[EndTime "14:18:03 PDT"]
[Termination "guillembaches won on time"]

1. d4 d5 2. Nf3 Nf6 3. Bg5 Ne4 4.
Bf4 Bf5 5. e3 c5 6. Nbd2 Nc6 7.
c3 e6 8. Nxe4 Bxe4 9. Bd3 Bxd3 10. Qxd3 c4 11. Qc2 Be7 12. e4 O-O 13. O-O b5 14. a3 a5 15. Rfe1 b4 16. axb4 axb4 17. Rxa8 Qxa8 18. exd5 exd5 19. Qf5 Qd8 20. Ne5 Nxe5 21.
Rxe5 Bf6 22. Rxd5 Qa8 23. Ra5 Qe8 24. Be5 Bxe5 25. Qxe5 bxc3 26. bxc3 Qc6 27. Qd5 Qh6 28. Ra1 Rc8 29. Qxc4 1-0

[Event "Late-Titled-Tuesday-Blitz-June-18-2024"]
[Site "Chess.com"]
[Date "2024.06.18"]
[Round "2"]
[White "ansko1999"]
[Black "Andrii_Prydun"]
[Result "1-0"]
[WhiteElo "2595"]
[BlackElo "2363"]
[TimeControl "180+1"]
[EndTime "14:18:04 PDT"]
[Termination "ansko1999 won by resignation"]

1. b3 e5 2. Bb2 Nc6 3. e4 d5 4. exd5 Qxd5 5. Nc3 Qc5 6. Bb5 Bd7 7. Qe2 O-O-O 8.
Nf3 f6 9. O-O-O a6 10. Bxc6 Bxc6 11.
d4 Bxf3 12. Qxf3 exd4 13. Ne2 d3 14. Rxd3 Rxd3 15. Qxd3 Qxf2 16. Qe4 Ne7 17. Qe6+ Kb8 18. Rd1 Nc6 19. Qe8+ Ka7 20. Nd4 Ba3 21. Nxc6+ bxc6 22. Qxh8 Bxb2+ 23. Kxb2 Qxg2 24. Qd8 1-0

[Event "Late-Titled-Tuesday-Blitz-June-18-2024"]
[Site "Chess.com"]
[Date "2024.06.18"]
[Round "2"]
[White "Boudicca64"]
[Black "i_like_explosions"]
[Result "0-1"]
[WhiteElo "1879"]
[BlackElo "2421"]
[TimeControl "180+1"]
[EndTime "14:18:05 PDT"]
[Termination "i_like_explosions won by resignation"]

1. e4 c5 2. g3 Nc6 3. Bg2 g6 4. c3 Bg7 5. Ne2 e5 6. O-O Nge7 7. d3 O-O 8. Be3 d6 9. d4 cxd4 10. cxd4 Bd7 11. Nbc3 a6 12. f4 exd4 13. Nxd4 Qb6 14. Na4 Bxd4 15. Nxb6 Bxe3+ 16. Kh1 Bxb6 17. Qxd6 Be6 18.
Qd2 Rfd8 19. Qe1 Ba5 20. Qf2 Rd2 21. Qe3 Rad8 22. f5 gxf5 23. Qg5+ Kf8 24. exf5 Bd5 25. Bxd5 R8xd5 26. Qh6+ Ke8 27. f6 Ng6 28. Rfe1+ Nce5 29. Rad1 Rxd1 30. Rxd1 Rxd1+ 31. Kg2 Rd2+ 32. Kh3 Rxh2+ 0-1

[Event "Late-Titled-Tuesday-Blitz-June-18-2024"]
[Site "Chess.com"]
[Date "2024.06.18"]
[Round "2"]
[White "kosmeg"]
[Black "Tsukasa06"]
[Result "1-0"]
[WhiteElo "2576"]
[BlackElo "2353"]
[TimeControl "180+1"]
[EndTime "14:18:06 PDT"]
[Termination "kosmeg won by checkmate"]

1. Nf3 Nf6 2. d4 g6 3. c4 Bg7 4.
Nc3 d5 5. e3 O-O 6. Qb3 dxc4 7.
Bxc4 a6 8. O-O b5 9. Be2 Bb7 10. a4 c6 11. Rd1 Nbd7 12. Bd2 Qc7 13. Rac1 Qb6 14. Be1 Rac8 15. a5 Qd8 16. Na4 Ne4 17.
Bd3 Nd6 18. Nc5 Qe8 19. Bb4 Nxc5 20. Bxc5 Ba8 21. h4 Nb7 22. Bb6 e5 23. Nxe5 Bxe5 24. dxe5 Qxe5 25. Be2 c5 26. Rd5 Qe6 27. Rcd1 c4 28.
Qc3 Nd8 29. Rxd8 Rfxd8 30. Bxd8 Qc6 31. Bf3 Qe8 32. Bg5 Bxf3 33. Bh6 Bxd1 34. Qg7# 1-0

[Event "Late-Titled-Tuesday-Blitz-June-18-2024"]
[Site "Chess.com"]
[Date "2024.06.18"]
[Round "2"]
[White "Kombinator01"]
[Black "TOCANTINS_TO"]
[Result "1-0"]
[WhiteElo "2435"]
[BlackElo "2006"]
[TimeControl "180+1"]
[EndTime "14:18:06 PDT"]
[Termination "Kombinator01 won by resignation"]

1. d4 Nf6 2. Bf4 e6 3. e3 d5 4.
Nf3 a6 5. Nbd2 c5 6. c3 b5 7.
Bd3 Bb7 8. O-O Bd6 9. Ne5 Nc6 10.
Ndf3 O-O 11. Bc2 b4 12. c4 cxd4 13. Nxc6 Bxc6 14. Bxd6 Qxd6 15. Qxd4 Rfd8 16. Rfd1 Qc7 17. Bb3 Qb7 18. Ne5 Be8 19. c5 a5 20. a4 Rac8 21.
Rac1 Bc6 22. h3 Nd7 23. Bc2 Nxe5 24. Qxe5 Qc7 25. Qxc7 Rxc7 26. b3 Rdc8 27. Bd3 Bb7 28. Bb5 Rxc5 29. Rxc5 Rxc5 30. e4 Kf8 31. Kh2 Ke7 32.
Kg3 dxe4 33. Rd7+ Kf6 34. Rxb7 Rc3+ 35. Kf4 Rxb3 36. g4 g5+ 37. Kxe4 Rxh3 38. Be8 b3 39. Rxf7+ Kg6 40. Rb7+ Kh6 41. Bd7 Rc3 42. Bxe6 1-0

[Event "Late-Titled-Tuesday-Blitz-June-18-2024"]
[Site "Chess.com"]
[Date "2024.06.18"]
[Round "2"]
[White "KorolDimitriy75"]
[Black "FMalexhdez"]
[Result "0-1"]
[WhiteElo "2487"]
[BlackElo "2289"]
[TimeControl "180+1"]
[EndTime "14:18:07 PDT"]
[Termination "FMalexhdez won on time"]

1. d4 Nf6 2. c4 e6 3. Nc3 Bb4 4. Qc2 c5 5. dxc5 Na6 6. Nf3 Nxc5 7. Bd2 O-O 8. e3 d5 9. cxd5 Nxd5 10. Nxd5 Bxd2+ 11. Qxd2 exd5 12. Be2 Bf5 13. O-O Rc8 14. Rac1 Ne4 15. Qd4 Qa5 16. a3 Be6 17. h3 h6 18.
Rfd1 a6 19. Qb4 Qxb4 20. axb4 Rxc1 21. Rxc1 Rc8 22. Rxc8+ Bxc8 23. Nd4 Kf8 24. f3 Nd6 25. Kf2 Ke7 26. Ke1 Nc4 27. Bxc4 dxc4 28. Kd2 b5 29. b3 cxb3 30. Nxb3 Kd6 31. e4 f5 32.
Ke3 g5 33. exf5 Bxf5 34. f4 Be6 35. g4 Bxb3 0-1

[Event "Late-Titled-Tuesday-Blitz-June-18-2024"]
[Site "Chess.com"]
[Date "2024.06.18"]
[Round "2"]
[White "crazy_but_lazy"]
[Black "maurovargas01"]
[Result "1-0"]
[WhiteElo "2659"]
[BlackElo "1958"]
[TimeControl "180+1"]
[EndTime "14:18:10 PDT"]
[Termination "crazy_but_lazy won on time"]

1. Nf3 c6 2. c4 e6 3. e3 d5 4. Nc3 Bb4 5. Qc2 f5 6. b3 Nf6 7. Bb2 O-O 8. Be2 Nbd7 9. O-O Ne4 10. Nxe4 fxe4 11. Ne5 Bd6 12. Nxd7 Bxd7 13. d3 exd3 14. Bxd3 Qh4 15. g3 Qh3 16. f4 Rae8 17. Qg2 Qh6 18. e4 Bc5+ 19. Kh1 Rf7 20. Rad1 e5 21. f5 dxe4 22.
Bxe4 Qg5 23. Bc1 Qh5 24. g4 Qh4 25. Rd3 g6 26. fxg6 hxg6 27. Rxf7 Kxf7 28. Rxd7+ 1-0

[Event "Late-Titled-Tuesday-Blitz-June-18-2024"]
[Site "Chess.com"]
[Date "2024.06.18"]
[Round "2"]
[White "NowInChess"]
[Black "maksimys18"]
[Result "0-1"]
[WhiteElo "2236"]
[BlackElo "2493"]
[TimeControl "180+1"]
[EndTime "14:18:10 PDT"]
[Termination "maksimys18 won on time"]

1. e4 e6 2. d3 c5 3. g3 Nc6 4.
Bg2 d6 5. f4 g6 6. Nf3 Bg7 7.
O-O Nge7 8. c3 O-O 9. Be3 b5 10. d4 cxd4 11. cxd4 Bb7 12. Nbd2 Qb6 13. Nb3 Rad8 14.
Qd2 d5 15. e5 Nf5 16. Bf2 a5 17. g4 Nh6 18. h3 b4 19. Nc5 Ba6 20. Nxa6 Qxa6 21.
Rac1 Rc8 22. Be3 Kh8 23. f5 Ng8 24. f6 Nxf6 25. exf6 Bxf6 26. Bh6 Bg7 27. Bxg7+ Kxg7 28. g5 Ne7 29. Qf4 Nf5 30. Ne5 Qe2 31. Rf2 Rxc1+ 32. Qxc1 Qe3 33. Qxe3 Nxe3 34. Bf1 Nf5 35. Rd2 Rc8 36.
Kf2 h6 37. gxh6+ Nxh6 38. Bd3 f6 39. Ng4 Nf7 40. Ke3 Nd6 41. Rf2 f5 42. Ne5 Rh8 43. Rf3 Kf6 44. Rg3 g5 45. Nd7+ Ke7 46. Ne5 f4+ 47.
Kf3 fxg3 48. Ng6+ Kf6 49. Nxh8 Nf5 50. Bxf5 exf5 51. Kxg3 Kg7 52. h4 g4 53. Kf4 Kxh8 54.
Ke5 g3 55. Kxd5 g2 0-1

[Event "Late-Titled-Tuesday-Blitz-June-18-2024"]
[Site "Chess.com"]
[Date "2024.06.18"]
[Round "2"]
[White "Rutricks"]
[Black "zsizsi99"]
[Result "1-0"]
[WhiteElo "2813"]
[BlackElo "2558"]
[TimeControl "180+1"]
[EndTime "14:18:13 PDT"]
[Termination "Rutricks won by resignation"]

1. c4 c5 2. Nc3 Nc6 3. g3 g6 4.
Bg2 Bg7 5. e3 e5 6. Nge2 Nge7 7.
a3 a5 8. h4 h5 9. Nb5 d6 10.
d4 O-O 11. d5 Na7 12. Nbc3 Bd7 13. a4 Nf5 14. Qc2 Nc8 15. Bd2 Nb6 16. b3 Bc8 17. Ne4 Nd7 18. Bc3 Nf6 19. Ng5 Nh7 20. Ne4 Nf6 21.
Nxf6+ Qxf6 22. Bb2 Bd7 23. Nc3 Qe7 24. O-O-O Bh6 25.
Kb1 Bxe3 26. fxe3 Nxe3 27. Qf2 Nf5 28. Ne4 Nd4 29. Qf6 Rfe8 30. Qxd6 Bf5 31. Qxe7 Rxe7 32. Ka2 Rc8 33. Nd6 Rd8 34. Nxf5 Nxf5 35. Rhe1 Nxg3 36. Bxe5 Nf5 37. Bf6 Rxe1 38. Rxe1 Rc8 39. Bh3 Nd6 40. Bxc8 1-0